 Dungeon Sprint DCSS version 0.21.1-1-g345015f (webtiles) character file.

558 Psiloshibe the Fighter (level 9, 0/102 HPs)
             Began as a Gargoyle Berserker on June 24, 2018.
             Was an Elder of Trog.
             Slain by a ghoul (4 damage)
             ... in the Dungeon (Sprint VI: "Thunderdome").
             The game lasted 00:07:15 (798 turns).

Psiloshibe the Fighter (Gargoyle Berserker)          Turns: 798, Time: 00:07:16

Health: 0/102      AC: 20    Str: 30    XL:     9   Next: 17%
Magic:  3/3        EV: 11    Int:  4    God:    Trog [****..]
Gold:   715        SH:  0    Dex: 15    Spells: 8/8 levels left

rFire    . . .     SeeInvis .   r - +3 quarterstaff (antimagic)
rCold    + . .     Gourm    .   (shield currently unavailable)
rNeg     + + .     Faith    .   b - +0 plate armour
rPois    ∞         Spirit   .   (no helmet)
rElec    +         Reflect  .   (no cloak)
rCorr    .         Harm     .   (no gloves)
MR       ++...     NoTele   +   (no boots)
Stlth    ..........             p - amulet "Wynteidy" {*Contam Regen+ Int+2 Slay+2}
HPRegen  1.67/turn              n - ring of Pudghan {rElec rN+ Int-5 Dex+2}
MPRegen  0.08/turn              o - ring of Vampiric Thralls {Wiz rC+ Dex+4}

@: berserking (expiring), regenerating, slowed
A: negative energy resistance 1, electricity resistance, unbreathing,
petrification resistance, rot immunity, AC +6
}: 1/15 runes: decaying
a: Berserk, Trog's Hand, Brothers in Arms, Burn Spellbooks, Renounce Religion


You were in the Dungeon.
You worshipped Trog.
Trog was greatly pleased with you.
You were near starving.

You visited 1 branch You collected 850 gold pieces.
You spent 135 gold pieces at shops.

Inventory:

Hand Weapons
 a - a +0 mace
 r - a +3 antimagic quarterstaff (weapon)
Missiles
 s - 11 tomahawks (quivered)
Armour
 b - a +0 plate armour (worn)
Jewellery
 n - the ring of Pudghan (left hand) {rElec rN+ Int-5 Dex+2}
   (You bought it in a shop in the Dungeon)

   [ring of positive energy]

   It affects your intelligence (-5).
   It affects your dexterity (+2).
   It insulates you from electricity.
   It protects you from negative energy.
 o - the ring of Vampiric Thralls (right hand) {Wiz rC+ Dex+4}
   (You bought it in a shop in the Dungeon)

   [ring of wizardry]

   It improves your spell success rate.
   It affects your dexterity (+4).
   It protects you from cold.
 p - the amulet "Wynteidy" (around neck) {*Contam Regen+ Int+2 Slay+2}
   (You bought it in a shop in the Dungeon)

   [amulet of regeneration]

   It affects your intelligence (+2).
   It affects your accuracy and damage with ranged weapons and melee attacks
   (+2).
   It causes magical contamination when unequipped.
   It increases your rate of regeneration.
Wands
 k - a wand of acid (1)
 l - a wand of iceblast (5)
 u - a wand of scattershot (7)
Scrolls
 i - 3 scrolls of blinking
 m - 3 scrolls of fog
Potions
 d - a potion of curing
 e - 3 potions of heal wounds
 f - 5 potions of haste
 g - 2 potions of magic
 h - a potion of berserk rage
 j - a potion of resistance
 t - a potion of experience
Comestibles
 c - a ration


   Skills:
 * Level 13.5 Fighting
 + Level 11.2 Maces & Flails
 + Level 1.1(7.2) Staves
 * Level 9.1 Armour
 + Level 6.1 Dodging
 + Level 4.7 Stealth
 + Level 0.9 Evocations


You had 8 spell levels left.
You didn't know any spells.

Dungeon Overview and Level Annotations

Branches:
Dungeon (1/1)

Altars:
Cheibriados
Dithmenos
Fedhas
Gozag
Kikubaaqudgha
Makhleb
Okawaru
Qazlal
Ru
Sif Muna
Trog
Uskayaw
Vehumet
Wu Jian
Xom
Yredelemnul
Zin
The Shining One
Beogh
Jiyva
Lugonu

Shops:
D *[%??*?*:[((!!!!


Innate Abilities, Weirdness & Mutations

You are resistant to torment.
Your stone body is resilient. (AC +6)
You are immune to poison.
You resist negative energy. (rN+)
You are resistant to electric shocks. (rElec)
You can survive without breathing.
You are immune to petrification.
You are immune to rotting.


Message History

The ghoul is severely damaged. 10...
The ghoul claws you!
* * * LOW HITPOINT WARNING * * *
The ghoul claws you but does no damage. The necrophage hits you.
* * * LOW HITPOINT WARNING * * *
You sock the ghoul!
The ghoul is severely damaged.
The ghoul completely misses you. The ghoul claws you!
* * * LOW HITPOINT WARNING * * *
The necrophage hits you but does no damage.
You closely miss the ghoul.
The ghoul is severely damaged.
The ghoul claws you but does no damage. The ghoul claws you.
* * * LOW HITPOINT WARNING * * *
The necrophage barely misses you.
You hit the ghoul.
The ghoul is almost destroyed.
The ghoul claws you.
You die...

###.........### #⌠......)....⌠#
######.8.[....)..8.######
##∩___......###......___∩##
###∩.....)..8)# #.8........∩###
##............[###n.....[......##
#⌠..........###...###..[.......⌠#
#⌠..........# #.n.# #..........⌠#
#⌠..........###.@n###((........⌠#
##...[.........###n............##
###∩........8.# #.8........∩###
##∩___......###...)...._∩##
######.8......n.)8.######
#⌠...†.......⌠# ###.........###
#_......._# #_......._#


You could see a ghoul, a bog body and 2 necrophages.

Vanquished Creatures
  A bog body (D)
  A water moccasin (D)
  An orc warrior (D)
  A necrophage (D)
  Blork the orc (D)
  2 orc priests (D)
  2 orc wizards (D)
  Jessica (D)
  5 adders (D)
  A dart slug (D)
  A goblin (D)
  A ball python (D)
  A rat (D)
19 creatures vanquished.

Vanquished Creatures (collateral kills)
  A wizard (D)
  A cyclops (D)
  4 merfolk (D)
  A hippogriff (D)
7 creatures vanquished.

Grand Total: 26 creatures vanquished

Notes
Turn   | Place    | Note
-------+----------+-------------------------------------------
     0 | D        | Psiloshibe the Gargoyle Berserker began the quest for the Orb.
     0 | D        | Reached XP level 1. HP: 14/14 MP: 1/1
     4 | D        | Found a shadowy altar of Dithmenos.
     4 | D        | Found a shimmering altar of Xom.
     5 | D        | Found an opulent altar of Gozag.
     5 | D        | Found a glowing golden altar of the Shining One.
     5 | D        | Round 1.
     6 | D        | Found an ornate altar of the Wu Jian Council.
     6 | D        | Found a corrupted altar of Lugonu.
     7 | D        | Found Test's Delicious Food.
     7 | D        | Found a sacrificial altar of Ru.
     7 | D        | Found a deep blue altar of Sif Muna.
     7 | D        | Found Fuck's Identification Station.
     8 | D        | Found Iladang's Jewellery.
     8 | D        | Found Piurhot's Advanced Armour.
    17 | D        | Bought a bound granite ring for 45 gold pieces
    17 | D        | Bought a flickering tin ring for 45 gold pieces
    17 | D        | Bought a bound diamond amulet for 45 gold pieces
    17 | D        | Identified the amulet "Wynteidy" {*Contam Regen+ Int+2 Slay+2} (You bought it in a shop in the Dungeon)
    18 | D        | Identified the ring of Pudghan {rElec rN+ Int-5 Dex+2} (You bought it in a shop in the Dungeon)
    19 | D        | Identified the ring of Vampiric Thralls {Wiz rC+ Dex+4} (You bought it in a shop in the Dungeon)
    25 | D        | Found a viscous altar of Jiyva.
    29 | D        | Found Zeos's Magic Scroll Shop.
    30 | D        | Found Feli's Magic Scroll Shop.
    30 | D        | Found Deciut's Must-Have Magic.
    31 | D        | Found a bloodstained altar of Trog.
    31 | D        | Found a snail-covered altar of Cheibriados.
    31 | D        | Found Leklogil's Staff Store.
    34 | D        | Noticed Jessica
    46 | D        | Killed Jessica
    46 | D        | Reached ** piety under Trog
    46 | D        | Reached skill level 5 in Fighting
    46 | D        | Reached XP level 2. HP: 18/21 MP: 2/2
    46 | D        | Reached XP level 3. HP: 23/26 MP: 3/3
    63 | D        | Found an iron altar of Okawaru.
    66 | D        | Found a stormy altar of Qazlal.
    67 | D        | Found a roughly hewn altar of Beogh.
    67 | D        | Found Qosy's Distillery.
    69 | D        | Found a hide-covered altar of Uskayaw.
    69 | D        | Found Moba's Do-It-Yourself Clinic.
    70 | D        | Found Woofo's Distillery.
    70 | D        | Found Kiecza's Bottled Wisdom.
    73 | D        | Found an ancient bone altar of Kikubaaqudgha.
    74 | D        | Found a blossoming altar of Fedhas.
    75 | D        | Found a glowing silver altar of Zin.
    79 | D        | Reached skill level 5 in Maces & Flails
    98 | D        | Found Illitar's Weapon Rack.
    99 | D        | Found a burning altar of Makhleb.
    99 | D        | Found a basalt altar of Yredelemnul.
    99 | D        | Found a radiant altar of Vehumet.
    99 | D        | Found Ivuupluk's Premium Goods.
    99 | D        | Found Aceczoto's Basic Armour.
    99 | D        | Found Ucso's Miscellaneous Merchandise.
   125 | D        | Arena points: 12 (+12) [x2]
   143 | D        | Round 2.
   148 | D        | Noticed a water moccasin
   159 | D        | Killed a water moccasin
   159 | D        | Reached *** piety under Trog
   159 | D        | Reached skill level 7 in Fighting
   159 | D        | Reached skill level 1 in Stealth
   159 | D        | Reached XP level 4. HP: 22/35 MP: 4/4
   159 | D        | Reached XP level 5. HP: 24/39 MP: 5/5
   215 | D        | Reached skill level 8 in Fighting
   242 | D        | Reached **** piety under Trog
   242 | D        | Arena points: 54 (+42) [x3]
   288 | D        | Round 3.
   303 | D        | Reached skill level 5 in Armour
   311 | D        | Noticed Blork the orc
   319 | D        | Killed Blork the orc
   319 | D        | Reached skill level 9 in Fighting
   319 | D        | Reached XP level 6. HP: 46/46 MP: 6/6
   368 | D        | Reached ***** piety under Trog
   414 | D        | Noticed an orc warrior
   421 | D        | Killed an orc warrior
   421 | D        | Reached skill level 10 in Fighting
   441 | D        | Arena points: 138 (+84) [x4]
   441 | D        | Reached XP level 7. HP: 53/53 MP: 7/7
   474 | D        | Round 4.
   474 | D        | Noticed a merfolk
   474 | D        | Noticed a merfolk
   475 | D        | Noticed a merfolk
   475 | D        | Noticed a cyclops
   475 | D        | Noticed a merfolk
   479 | D        | Noticed a hippogriff
   480 | D        | Killed a merfolk
   480 | D        | Reached skill level 11 in Fighting
   481 | D        | Killed a merfolk
   483 | D        | HP: 1/54 [merfolk/trident (15)]
   485 | D        | Killed a hippogriff
   485 | D        | Killed a merfolk
   485 | D        | Reached skill level 12 in Fighting
   485 | D        | Reached skill level 5 in Dodging
   485 | D        | Reached XP level 8. HP: 33/60 MP: 8/8
   486 | D        | Killed a cyclops
   486 | D        | Reached skill level 10 in Maces & Flails
   488 | D        | Killed a merfolk
   488 | D        | Received a gift from Trog
   488 | D        | Arena points: 278 (+140) [x5]
   551 | D        | Round 5.
   552 | D        | Noticed a witch
   557 | D        | Noticed a six-headed hydra
   558 | D        | Noticed a four-headed hydra
   560 | D        | Noticed a five-headed hydra
   573 | D        | Killed a witch
   573 | D        | Arena points: 558 (+280) [x7]
   573 | D        | Reached skill level 13 in Fighting
   573 | D        | Reached XP level 9. HP: 40/68 MP: 3/9
   576 | D        | Got a decaying rune of Zot
   753 | D        | Round 6.
   773 | D        | Reached skill level 1 in Staves
   781 | D        | Noticed a ghoul
   796 | D        | HP: 5/102 [ghoul (10)]
   798 | D        | Slain by a ghoul

Skill      XL: |  1  2  3  4  5  6  7  8  9 |
---------------+----------------------------+-----
Fighting       | 5 7 9 10 12 13 | 13.5
Maces & Flails | 4 6 7 8 9 11 | 11.2
Dodging        | 2 3 4 5 6 |  6.1
Armour         | 4 5 6 7 8 9 |  9.1
Stealth        | 1 2 3 4 |  4.7
Staves         | 1 |  1.1
Evocations     | |  0.9

Action                   |  1- 3 |  4- 6 |  7- 9 || total
-------------------------+-------+-------+-------++-------
Melee: Mace              |    27 |    34 |       ||    61
       Quarterstaff      |       |       |    31 ||    31
Invok: Berserk           |       |     1 |     1 ||     2
       Trog's Hand       |       |     1 |     1 ||     2
       Brothers in Arms  |       |       |     4 ||     4
Evoke: Wand              |       |     1 |     3 ||     4
  Use: Potion            |       |       |     1 ||     1
       Scroll            |       |       |     1 ||     1
 Stab: Distracted        |     1 |       |       ||     1
  Eat: Chunk             |       |       |     2 ||     2
Armor: Animal skin       |     8 |     8 |       ||    16
       Ring mail         |       |     5 |       ||     5
       Plate armour      |       |       |    40 ||    40
Dodge: Dodged            |    21 |    20 |    33 ||    74
